Map: Dusty Gorge

Players

SweetRamekin - Winner!

  • Race: Terran Terran
  • Spawn Location: 9:00

Comquat - Winner!

  • Race: Protoss Protoss
  • Spawn Location: 11:00

Nigrnog

  • Race: Zerg Zerg
  • League: Gold
  • Spawn Location: 5:00

MooEsqoo

  • Race: Protoss Protoss
  • Spawn Location: 3:00

VOD

Have the link to the VOD?

Description

Time

  • Played on: Jan. 13, 2020, 8:59 a.m.
  • Length: 5:34
Show
View Real Time Build Order
Export as new Build Order

SweetRamekin Terran - Winner!

Build Orders:  

Get SALT Encoding   

  12  0:01  SCV  
  13  0:13  SCV  
  14  0:18  Supply Depot  
  14  0:25  SCV  
  15  0:41  Barracks  
  15  0:44  Refinery  
  15  0:45  SCV  
  16  1:03  Barracks, SCV  
  17  1:14  Refinery  
  17  1:15  SCV  
  18  1:29  Reaper  
  19  1:33  Supply Depot  
  19  1:39  SCV  
  20  1:50  Reaper  
  20  1:54  Orbital Command  
  21  2:01  Reaper  
  22  2:22  Reaper  
  23  2:24  SCV  
  24  2:33  Marine  
  25  2:51  Reaper  
  26  2:52  SCV  
  26  2:54  Reaper  
  28  3:22  SCV  
  28  3:23  Reaper  
  28  3:27  Reaper  
  31  4:43  Command Center  
  31  4:44  Command Center  
  31  4:56  Factory  
Show
View Real Time Build Order
Export as new Build Order

Comquat Protoss - Winner!

Build Orders:  

Get SALT Encoding   

  12  0:02  Probe  
  13  0:26  Probe  
  14  0:31  Pylon  
  14  0:51  Probe  
  15  0:57  Assimilator  
  15  1:09  Gateway, Probe  
  16  1:21  Assimilator, Probe  
  17  1:33  Probe  
  17  1:35  Gateway  
  18  1:45  Probe  
  19  1:56  Zealot  
  19  1:57  Probe  
  22  2:09  Probe  
  22  2:13  Cybernetics Core  
  23  2:21  Pylon  
  23  2:23  Pylon  
  23  2:27  Pylon  
  23  2:39  Zealot x2  
  23  2:41  Pylon  
  27  3:06  Zealot x2  
  31  3:30  Nexus  
  31  3:33  Stalker x2  
  35  3:42  Gateway  
  35  3:58  Forge  
  35  4:20  Stalker  
  35  4:21  Stalker  
  39  4:36  Probe  
  40  4:44  Probe  
  41  4:56  Probe  
  42  5:08  Probe  
Show
View Real Time Build Order
Export as new Build Order

Nigrnog Zerg 

Build Orders: Hatch First 

Get SALT Encoding   

  12  0:01  Drone  
  13  0:08  Drone  
  14  0:20  Overlord  
  14  0:39  Drone  
  14  0:40  Drone x2  
  17  0:57  Extractor  
  17  0:58  Drone  
  17  1:01  Hatchery  
  17  1:02  Drone  
  17  1:12  Drone  
  18  1:24  Drone  
  19  1:28  Spawning Pool  
  18  1:34  Overlord  
  18  1:45  Drone  
  19  2:08  Drone, Evolution Chamber  
  20  2:13  Drone  
  20  2:21  Queen  
  21  2:24  Zergling x4  
  21  2:28  Queen  
  25  2:35  Drone  
  26  2:47  Zergling x8  
  30  2:55  Zergling x2  
  30  3:08  Zergling x4  
  31  3:22  Metabolic Boost  
  31  3:30  Zergling x8  
  35  3:55  Zergling x8  
  35  4:19  Pneumatized Carapace  
  35  4:20  Zergling x4  
  35  4:21  Zergling x4  
  35  4:30  Zergling x4  
  35  4:52  Zergling x2  
  36  4:53  Overlord x4  
Show
View Real Time Build Order
Export as new Build Order

MooEsqoo Protoss 

Build Orders: 1 Gate Expand 

Get SALT Encoding   

  12  0:01  Probe  
  13  0:21  Pylon  
  13  0:23  Probe  
  14  0:42  Gateway  
  14  0:48  Assimilator  
  14  0:53  Probe (Chrono Boost)  
  16  1:05  Probe (Chrono Boost)  
  16  1:10  Probe (Chrono Boost)  
  17  1:20  Probe  
  18  1:38  Nexus  
  18  1:50  Probe  
  19  1:56  Pylon  
  19  2:03  Probe  
  19  2:06  Cybernetics Core  
  20  2:13  Assimilator  
  20  2:15  Probe  
  21  2:17  Zealot (Chrono Boost)  
  23  2:28  Probe  
  24  2:40  Probe  
  23  2:54  Probe x2  
  22  3:06  Probe  
  23  3:24  Probe  
  23  3:25  Probe  
  23  3:32  Stalker (Chrono Boost)  
  25  3:37  Probe  
  22  4:00  Pylon  
  11  4:15  Probe x2  
  11  4:32  Probe  
  14  4:57  Probe  
Tags
 
Add a new tag
Caveats
  • Supply blocks, unpowered buildings, or Contaminate may cause inaccurate times.
  • Supply counts are checked every 10 seconds.